Map: Catalyst LE

Players

Neeb - Winner!

  • Race: Protoss Protoss
  • Spawn Location: 11:00

ShoWTimE

  • Race: Protoss Protoss
  • Spawn Location: 5:00

Event: WCS Leipzig 2018

VOD

Have the link to the VOD?

Description

Time

  • Played on: Jan. 28, 2018, 5:40 a.m.
  • Length: 11:23

All games in this series

Show
View Real Time Build Order
Export as new Build Order

Neeb Protoss - Winner!

Build Orders:  

Get SALT Encoding   

  12  0:00  Probe  
  13  0:12  Probe  
  14  0:17  Pylon  
  14  0:24  Probe (Chrono Boost)  
  15  0:37  Probe (Chrono Boost)  
  15  0:39  Gateway  
  16  0:44  Probe (Chrono Boost)  
  16  0:46  Assimilator  
  17  0:51  Probe  
  17  0:55  Assimilator  
  18  1:03  Probe  
  19  1:08  Gateway  
  19  1:15  Probe  
  20  1:26  Cybernetics Core  
  20  1:27  Probe  
  21  1:33  Pylon  
  21  1:39  Probe  
  22  1:51  Probe  
  23  1:54  Warp Gate (Chrono Boost)  
  23  2:02  Stalker  
  23  2:03  Stalker  
  27  2:13  Pylon  
  27  2:21  Probe  
  28  2:32  Stalker  
  28  2:33  Stalker  
  31  2:46  Gateway  
  31  2:50  Gateway  
  31  3:02  Stalker  
  31  3:03  Stalker  
  35  3:14  Pylon  
  35  3:17  Shield Battery  
  35  3:43  Stalker x3  
  41  3:52  Stalker  
  42  4:03  Pylon  
  42  4:07  Stalker  
  44  4:13  Stalker  
  44  4:30  Robotics Facility  
  40  4:35  Stalker  
  36  4:55  Stalker x2  
  40  5:07  Stalker x2  
  44  5:18  Observer  
  45  5:33  Adept x3  
  45  5:35  Adept  
  49  5:40  Probe  
  42  6:06  Sentry x3  
  48  6:15  Nexus  
  48  6:25  Adept  
  50  6:29  Shield Battery  
  50  6:34  Adept  
  50  6:36  Probe  
  53  6:45  Adept  
  52  7:01  Phoenix  
  52  7:02  Pylon  
  52  7:05  Probe  
  53  7:17  Probe  
  53  7:18  Immortal (Chrono Boost)  
  58  7:29  Probe  
  59  7:33  Probe  
  59  7:34  Sentry  
  59  7:35  Sentry  
  64  7:41  Probe  
  65  7:47  Immortal (Chrono Boost)  
  65  7:48  Probe  
  70  7:56  Pylon  
  70  8:08  Phoenix  
  70  8:12  Twilight Council  
  70  8:14  Probe x2  
  72  8:21  Warp Prism (Chrono Boost)  
  72  8:26  Probe x2  
  76  8:38  Pylon  
  78  8:45  Resonating Glaives (Chrono Boost)  
  78  8:48  Gateway  
  76  8:49  Gateway  
  76  9:12  Gateway  
  76  9:13  Gateway  
  76  9:15  Adept x2  
  80  9:20  Pylon  
  80  9:30  Adept  
  82  9:38  Pylon  
  82  9:43  Adept x2  
  86  9:46  Adept x2  
  90  10:07  Adept x5  
  94  10:13  Pylon  
Show
View Real Time Build Order
Export as new Build Order

ShoWTimE Protoss 

Build Orders:  

Get SALT Encoding   

  12  0:00  Probe  
  13  0:12  Probe  
  14  0:18  Pylon  
  14  0:24  Probe (Chrono Boost)  
  15  0:36  Probe (Chrono Boost)  
  15  0:38  Gateway  
  16  0:45  Probe (Chrono Boost)  
  16  0:46  Assimilator  
  17  0:51  Probe  
  17  0:55  Assimilator  
  18  1:03  Probe  
  19  1:09  Gateway  
  19  1:15  Probe  
  20  1:25  Cybernetics Core  
  20  1:27  Probe  
  20  1:32  Pylon  
  21  1:39  Probe  
  22  1:51  Probe  
  23  1:57  Warp Gate (Chrono Boost)  
  23  2:01  Stalker x2  
  27  2:09  Pylon  
  27  2:16  Shield Battery  
  27  2:31  Stalker x2  
  31  2:41  Gateway  
  31  3:01  Stalker x2  
  35  3:13  Shield Battery  
  35  3:21  Nexus  
  35  3:26  Pylon  
  35  3:36  Shield Battery  
  35  3:40  Probe  
  34  3:51  Stalker  
  34  3:54  Stalker  
  38  3:55  Probe  
  38  4:01  Sentry  
  41  4:09  Probe  
  42  4:18  Robotics Facility  
  40  4:31  Stalker x2  
  40  4:37  Stalker  
  33  4:54  Sentry  
  33  4:55  Stalker  
  37  5:03  Stalker  
  39  5:08  Immortal (Chrono Boost)  
  43  5:18  Pylon  
  41  5:32  Pylon  
  41  5:36  Sentry  
  41  5:37  Zealot x2  
  47  5:55  Immortal (Chrono Boost)  
  41  6:02  Zealot  
  43  6:04  Sentry  
  43  6:09  Adept  
  47  6:17  Pylon  
  47  6:26  Adept, Warp Prism (Chrono Boost)  
  51  6:38  Adept  
  53  6:41  Adept  
  55  6:56  Adept  
  53  7:02  Adept  
  53  7:03  Adept  
  57  7:20  Phoenix  
  57  7:26  Nexus  
  57  7:29  Probe  
  58  7:36  Pylon  
  58  7:54  Probe  
  59  8:00  Pylon  
  59  8:06  Probe  
  60  8:18  Probe  
  55  8:21  Sentry x3  
  61  8:30  Probe  
  62  8:37  Immortal (Chrono Boost)  
  66  8:42  Probe  
  66  8:44  Probe  
  68  8:53  Sentry  
  68  8:54  Probe  
  71  8:57  Probe  
  72  9:04  Twilight Council  
  72  9:06  Probe  
  72  9:09  Observer (Chrono Boost)  
  74  9:10  Probe  
  74  9:14  Assimilator  
  74  9:16  Assimilator  
  75  9:20  Forge  
  75  9:22  Probe  
  75  9:23  Probe  
  76  9:34  Probe  
  75  9:44  Charge (Chrono Boost)  
  75  9:45  Probe  
  76  10:06  Gateway  
  76  10:07  Gateway  
  76  10:09  Gateway  
  76  10:14  Sentry x2  
  76  10:16  Adept  
Tags
 
Add a new tag
Caveats
  • Supply blocks, unpowered buildings, or Contaminate may cause inaccurate times.
  • Supply counts are checked every 10 seconds.